 Dungeon Crawl Stone Soup version 0.19.1 (webtiles) character file.

844 Gargoyl the Skirmisher (level 8, -2/69 (70) HPs)
             Began as a Ghoul Abyssal Knight on Dec 26, 2016.
             Was a Priest of Lugonu.
             Slain by a gnoll shaman
             ... wielding a +0 whip of electrocution
              (14 damage)
             ... on level 3 of the Dungeon.
             The game lasted 00:08:43 (3325 turns).

Gargoyl the Skirmisher (Ghoul Abyssal Knight)       Turns: 3325, Time: 00:08:44

HP:   -2/69 (70)    AC: 13    Str: 16    XL:     8   Next: 0%
MP:   10/10         EV:  6    Int: 10    God:    Lugonu [***...]
Gold: 156           SH:  5    Dex: 10    Spells: 0 memorised, 7 levels left

rFire  . . .     SeeInvis .     d - +4 long sword of Arrival {vamp, Int+3}
rCold  + . .     Gourm    .     g - +0 chain mail
rNeg   + + +     Faith    .     e - +2 buckler
rPois  ∞         Spirit   .     o - +2 helmet
rElec  .         Reflect  .     (no cloak)
rCorr  .         Harm     .     n - +0 pair of gloves
MR     .....                    (no boots)
Stlth  ..........               (no amulet)
                                (no ring)
                                (no ring)

@: rotting, glowing
A: rotting body, claws 1, carnivore 3, cold resistance 1, negative energy
resistance 3, slow regeneration 1, torment resistance, unbreathing
a: Depart the Abyss, Bend Space, Banish, Renounce Religion


You were on level 3 of the Dungeon.
You worshipped Lugonu.
Lugonu was most pleased with you.
You were not hungry.

You visited 1 branch of the dungeon, and saw 4 of its levels.
You visited the Abyss 1 time.

You collected 156 gold pieces.

Inventory:

Hand Weapons
 a - a +1 hand axe
 d - the +4 long sword of Arrival (weapon) {vamp, Int+3}
   (You found it on level 2 of the Abyss)

   It inflicts no extra harm, but heals its wielder when it wounds a living foe.
   It affects your intelligence (+3).
Armour
 e - a +2 buckler (worn)
 g - a +0 chain mail (worn)
 n - a +0 pair of gloves (worn)
 o - a +2 helmet (worn)
Wands
 i - a wand of iceblast (7/15)
Scrolls
 f - 2 scrolls of magic mapping
 p - a scroll of remove curse
Potions
 b - a potion of ambrosia {unknown}
 h - 2 potions of heal wounds
 j - 2 potions of curing {unknown}
 k - a potion of resistance
Comestibles
 c - a meat ration
 l - a slice of pizza
 m - 9 chunks of flesh


   Skills:
 + Level 5.9 Fighting
 + Level 3.5 Long Blades
 + Level 2.4 Axes
 * Level 4.2 Armour
 + Level 1.3 Dodging
 + Level 0.8 Shields
 * Level 4.1 Invocations


You had 7 spell levels left.
You didn't know any spells.

Dungeon Overview and Level Annotations

Branches:
Dungeon (4/15)
 Temple: D:4-7

Altars:
Cheibriados
Elyvilon
Kikubaaqudgha
Nemelex Xobeh
Qazlal
Trog


Innate Abilities, Weirdness & Mutations

Your body is rotting away.
You thrive on raw meat.
You are immune to poison.
You have sharp fingernails.
You are carnivorous and can eat meat at any time.
Your flesh is cold resistant. (rC+)
You are immune to negative energy. (rN+++)
You regenerate slowly when monsters are visible.
You are immune to unholy pain and torment.
You can survive without breathing.


Message History

The gnoll shaman hits you with a whip of electrocution.
The gnoll shaman mumbles some strange prayers to its god against you.
You are outlined in light.
The gnoll shaman hits you but does no damage.
You are electrocuted!
* * * LOW HITPOINT WARNING * * *
There is a stone staircase leading up here.
The gnoll shaman hits you but does no damage.
The gnoll hits you but does no damage. You block the gnoll shaman's attack.
The gnoll shaman hits you with a whip.
* * * LOW HITPOINT WARNING * * *
You climb upwards.
There is a stone staircase leading down here.
Unknown command.
You hit the gnoll shaman.
The gnoll shaman is moderately wounded.
You block the gnoll shaman's attack. x2
The gnoll shaman hits you but does no damage. x2
You are electrocuted!
You die...

.......(.###.......######.#
.........# ###.#.#.# #.#
.........# #.#.#.######.#
.........# #.#.#......#.#
.........#####.#[######.#.#
......................#.#.#
.........######..####.#.#.#
.........######gg# #.#<#.#
###########.....@# #.###.#
#.###### #.....# #.#
####### #.# #.# #.#
###########.# ............#
#############


You could see 2 gnoll shamans.

Vanquished Creatures
  Sigmund (D:2)
  A golden eye (Abyss:2)
  A phantom (D:3)
  An ogre (D:4)
  2 gnoll shamans (D:4)
  A bullfrog skeleton (D:4)
  An orc wizard (D:3)
  Natasha (D:2)
  Robin (D:2)
  10 gnolls (D:4)
  4 adders
  An ooze (D:2)
  An adder skeleton (D:4)
  4 worms
  2 leopard geckos
  10 orcs
  2 bats
  5 giant cockroaches
  13 goblins
  7 hobgoblins
  16 jackals (D:4)
  2 quokkas (D:2)
  5 frilled lizards
  3 kobolds (D:3)
  5 rats
100 creatures vanquished.

Vanquished Creatures (others)
  A ball python (D:2)
1 creature vanquished.

Grand Total: 101 creatures vanquished

Notes
Turn   | Place    | Note
-------+----------+-------------------------------------------
     0 | Abyss:1  | Gargoyl the Ghoul Abyssal Knight began the quest for the Orb.
     0 | Abyss:1  | Reached XP level 1. HP: 19/19 MP: 1/1
    27 | Abyss:2  | Got a crystal long sword
    37 | Abyss:2  | Identified the +4 long sword of Arrival {vamp, Int+3} (You found it on level 2 of the Abyss)
    77 | Abyss:2  | Noticed a golden eye
    77 | Abyss:2  | Noticed a golden eye
   135 | Abyss:2  | Killed a golden eye
   135 | Abyss:2  | Reached skill level 5 in Fighting
   135 | Abyss:2  | Reached XP level 2. HP: 29/29 MP: 2/2
   135 | Abyss:2  | Reached XP level 3. HP: 36/36 MP: 3/3
   135 | Abyss:2  | Reached XP level 4. HP: 42/42 MP: 4/4
   135 | Abyss:2  | Reached XP level 5. HP: 48/48 MP: 5/5
   137 | D:1      | Escaped the Abyss
  1064 | D:2      | Noticed Sigmund
  1076 | D:2      | Killed Sigmund
  1076 | D:2      | Reached skill level 1 in Long Blades
  1076 | D:2      | Reached skill level 1 in Dodging
  1076 | D:2      | Reached XP level 6. HP: 54/54 MP: 5/7
  1200 | D:2      | Found a sparkling altar of Nemelex Xobeh.
  1278 | D:2      | Found a bloodstained altar of Trog.
  1290 | D:2      | Found a snail-covered altar of Cheibriados.
  1577 | D:2      | Found a stormy altar of Qazlal.
  1629 | D:2      | Reached ** piety under Lugonu
  1630 | D:2      | Noticed Robin
  1649 | D:2      | Killed Robin
  1795 | D:2      | Noticed Natasha
  1801 | D:2      | Killed Natasha
  1946 | D:3      | Found an ancient bone altar of Kikubaaqudgha.
  1947 | D:3      | Found a white marble altar of Elyvilon.
  2126 | D:3      | Reached XP level 7. HP: 49/62 MP: 8/8
  2728 | D:4      | Reached *** piety under Lugonu
  3244 | D:4      | Reached XP level 8. HP: 65/70 MP: 10/10
  3325 | D:3      | Slain by a gnoll shaman

Skill      XL: |  1  2  3  4  5  6  7 |
---------------+----------------------+-----
Fighting       | 5 |  5.9
Axes           | 2 |  2.4
Armour         | 2 3 4 |  4.2
Long Blades    | 1 2 3 |  3.5
Dodging        | 1 |  1.3
Invocations    | 3 4 |  4.1
Shields        | |  0.8

Action                   |  1- 3 |  4- 6 |  7- 9 || total
-------------------------+-------+-------+-------++-------
Melee: Long sword        |    16 |   145 |   212 ||   373
  Use: Scroll            |       |     4 |     5 ||     9
       Potion            |       |       |     1 ||     1
  Eat: Chunk             |       |    14 |     9 ||    23
Armor: Chain mail        |       |   105 |   175 ||   280
Dodge: Dodged            |       |    51 |   101 ||   152
Block: Buckler           |       |    36 |    83 ||   119
       Rpst.: Long sword |       |    19 |    36 ||    55
